Stars vs Penguins

Created - January-16-14 at 18:04

Goals
1 2 3 OT1 SO T
Stars 1 1 2 0 0 4
Penguins 2 1 1 0 1 5
Shots
1 2 3 OT1 SO T
Stars 16 6 9 0 5 31
Penguins 12 6 11 3 5 32

1st period

1. Penguins , Victor Hedman 11 (Alexander Steen, Ryan Getzlaf) at 3:52 (PP)
2. Stars , Alex Chiasson 3 (Andy Greene, Paul Stastny) at 5:56 (PP)
3. Penguins , Alexander Steen 12 (Kris Letang, Ryan Getzlaf) at 13:38

Penalties :
Dalton Prout (DAL) for Holding (Minor) at 2:18, Kris Letang (PIT) for Tripping (Minor) at 5:05, Kris Letang (PIT) for Tripping (Minor) at 6:11, Stephane Robidas (PIT) for Tripping (Minor) at 8:33

2nd period

4. Penguins , Ryan Getzlaf 16 (Stephane Robidas, Alexander Steen) at 0:25
5. Stars , Brandon Dubinsky 9 (Jarome Iginla, Luke Schenn) at 19:22

Penalties :
Stephane Robidas (PIT) for Hooking (Minor) at 2:09, Brandon Dubinsky (DAL) for Roughing (Minor) at 2:09, Jay Bouwmeester (DAL) for Hooking (Minor) at 13:12, Kris Letang (PIT) for High sticking (Minor) at 16:00, Andrew Ladd (PIT) for Hooking (Minor) at 19:59

3rd period

6. Stars , Jay Bouwmeester 9 (Paul Stastny) at 4:48 (PP)
7. Penguins , Brendan Gallagher 4 (Barret Jackman) at 7:00
8. Stars , Brandon Dubinsky 10 (Jay Bouwmeester, Alex Galchenyuk) at 7:48

Penalties :
Victor Hedman (PIT) for Hooking (Minor) at 0:29, Stephane Robidas (PIT) for High sticking (Minor) at 4:24, Jay Bouwmeester (DAL) for Interference (Minor) at 12:35, Ryan Getzlaf (PIT) for Hooking (Minor) at 18:37

Overtime #1

No Goal

Penalties :
No Penalty

Shootout

Penalty Shot by Ryan Johansen for Stars - Stopped by Marc-Andre Fleury
Penalty Shot by Ryan Getzlaf for Penguins - Stopped by Ilya Bryzgalov
Penalty Shot by Zach Bogosian for Stars - Stopped by Marc-Andre Fleury
Penalty Shot by Andrew Ladd for Penguins - Shot Misses the Net
Penalty Shot by Alex Galchenyuk for Stars - Stopped by Marc-Andre Fleury
Penalty Shot by John Tavares for Penguins - Shot Misses the Net
Penalty Shot by Derick Brassard for Stars - Stopped by Marc-Andre Fleury
Penalty Shot by Kris Letang for Penguins - Stopped by Ilya Bryzgalov
Penalty Shot by Zack Kassian for Stars - Shot Misses the Net
Penalty Shot by Alexander Steen for Penguins - Goal!

Penalties :
No Penalty

Goalie Stats

Ilya Bryzgalov (DAL), 28 saves from 32 shots - (0.875), OTL, 8-13-3, 65:00 minutes
Marc-Andre Fleury (PIT), 27 saves from 31 shots - (0.871), W, 21-13-3, 65:00 minutes

Players Stats for Stars

Player Name              G  A  P  +/- PIM S  H  SB GA TA FO     MP     PP MP  PK MP  
------------------------------------------------------------------------------------
Alex Chiasson            1  0  1  -2  0   1  1  0  0  0  1/6    19:58   5:16   0:00 
Alex Galchenyuk          0  1  1   2  0   1  0  0  0  0  1/1    21:52   5:47   0:05 
Andy Greene              0  1  1   0  0   2  0  0  0  0  0/0    27:59   5:45   4:28 
Brandon Dubinsky         2  0  2   2  2   4  3  0  0  0  9/19   14:36   4:35   0:00 
Colin Wilson             0  0  0  -1  0   2  1  0  0  0  1/2    12:34   0:00   0:00 
Dalton Prout             0  0  0  -1  2   0  1  2  0  0  0/0    15:45   0:00   2:34 
Derick Brassard          0  0  0  -2  0   0  0  0  0  0  5/10    9:29   0:10   0:00 
Jarome Iginla            0  1  1   2  0   5  0  0  0  0  0/0    17:47   5:47   0:00 
Jay Bouwmeester          1  1  2   0  4   5  3  1  0  0  0/0    23:49   5:18   1:06 
Justin Abdelkader        0  0  0   0  0   0  1  0  0  0  4/5    11:17   1:12   0:00 
Luke Schenn              0  1  1   0  0   0  6  0  0  0  0/0    19:38   0:00   1:52 
Marcel Goc               0  0  0   0  0   1  0  0  0  0  9/17   11:24   0:00   3:51 
Matt Martin              0  0  0   0  0   0  2  0  0  0  0/0     8:39   0:00   0:00 
Paul Stastny             0  2  2  -1  0   1  4  1  0  0  15/24  19:21   5:06   1:41 
Roman Josi               0  0  0   0  0   2  0  1  0  0  0/0    22:45   5:18   0:00 
Ryan Johansen            0  0  0  -1  0   4  2  0  0  0  4/5    24:34   5:16   3:49 
Zach Bogosian            0  0  0  -1  0   3  1  2  0  0  0/0    20:01   5:45   1:04 
Zack Kassian             0  0  0  -2  0   0  3  0  0  0  0/0    10:57   0:00   1:38 

Players Stats for Penguins

Player Name              G  A  P  +/- PIM S  H  SB GA TA FO     MP     PP MP  PK MP  
------------------------------------------------------------------------------------
Alexander Steen          1  2  3   1  0   4  0  0  0  0  2/3    19:06   3:01   0:00 
Andrew Ladd              0  0  0  -1  2   6  4  0  0  0  3/3    20:52   2:31   0:18 
Barret Jackman           0  1  1   1  0   1  2  2  0  0  0/0    15:42   0:00   5:52 
Brandon Saad             0  0  0   1  0   0  0  0  0  0  1/3    12:54   0:00   2:25 
Brendan Gallagher        1  0  1   1  0   1  0  0  0  0  0/0    10:29   0:00   0:00 
David Moss               0  0  0   0  0   0  1  0  0  0  3/7    11:42   0:00   8:32 
David Perron             0  0  0   1  0   0  0  0  0  0  0/1    16:44   3:01   0:00 
Ed Jovanovski            0  0  0   0  0   0  0  0  0  0  0/0     4:21   0:00   0:00 
Gabriel Landeskog        0  0  0  -1  0   1  2  0  0  0  0/0    16:57   2:31   0:00 
John Tavares             0  0  0  -1  0   4  0  0  0  0  9/24   20:57   2:31   0:00 
Kris Letang              0  1  1  -1  6   2  2  2  0  0  0/0    21:23   3:20   1:27 
Matt Hunwick             0  0  0   1  0   0  0  0  0  0  0/0    14:05   0:00   0:00 
Ruslan Fedotenko         0  0  0   0  0   1  0  0  0  0  0/1     2:48   0:00   0:00 
Ryan Getzlaf             1  2  3   1  2   4  6  0  0  0  11/24  21:12   3:01   2:07 
Ryan Suter               0  0  0  -1  0   3  0  0  0  0  0/0    24:23   3:20   4:24 
Stephane Robidas         0  1  1   1  6   1  3  3  0  0  0/0    24:23   2:12   5:49 
Stephen Weiss            0  0  0   1  0   2  0  0  0  0  11/23  21:09   0:00   7:52 
Victor Hedman            1  0  1   1  2   2  1  1  0  0  0/0    25:36   2:12   5:47 

3 Stars

1 - Ryan Getzlaf (PIT)
2 - Brandon Dubinsky (DAL)
3 - Alexander Steen (PIT)

Power Play

Stars - 2 on 8 Attempt(s) - 25.00%
Penguins - 1 on 3 Attempt(s) - 33.33%

Penalty Kill

Stars - 2 on 3 Attempt(s) - 66.67% - Score 0 goal in Penalty Kill
Penguins - 6 on 8 Attempt(s) - 75.00% - Score 0 goal in Penalty Kill

Official

Referees : Dan O'Rourke and Rob Martell
Linesman : Derek Nansen and David Brisebois

Game Notes

Brandon Dubinsky is injured at 9:58 of 3rd period (Lower Body)
Paul Stastny is injured at 17:49 of 3rd period (Right Hip)

Finance

Level 1 -- Attendance: 5611 (86.32%) -- Ticket Income $589,155
Level 2 -- Attendance: 5000 (100.00%) -- Ticket Income $375,000
Level 3 -- Attendance: 3275 (93.57%) -- Ticket Income $176,850
Level 4 -- Attendance: 2087 (100.00%) -- Ticket Income $91,828
Luxury Box -- Attendance: 1000 (100.00%) -- Ticket Income $205,000
Game was played at the Consol Energy Center
Total Attendance: 16973 (93.84%)
Total Ticket Income: $1,437,833
Other Income: $215,675
Total Income: $1,653,508


% Time on Ice - Stars

Lines # - Real PCT - Wanted PCT - Time Play
Normal Forward
1 - 29% - 29% - 12:00
2 - 30% - 28% - 12:34
3 - 22% - 26% - 9:19
4 - 18% - 17% - 7:33
Normal Defense
1 - 34% - 34% - 13:56
2 - 35% - 33% - 14:18
3 - 32% - 33% - 13:12
4 - 0% - 0% - 0:00
PP Forward
1 - 52% - 55% - 5:47
2 - 48% - 45% - 5:16
PP Defense
1 - 52% - 65% - 5:45
2 - 48% - 35% - 5:18
PK Forward
1 - 70% - 60% - 3:54
2 - 30% - 40% - 1:38
PK Defense
1 - 34% - 60% - 1:52
2 - 66% - 40% - 3:40
PK3 Forward
1 - 0% - 60%
2 - 0% - 40%
PK3 Defense
1 - 0% - 60%
2 - 0% - 40%
44 Forward
1 - 100% - 60% - 6:59
2 - 0% - 40% - 0:00
44 Defense
1 - 50% - 60% - 3:31
2 - 50% - 40% - 3:28
Last Minute Offensive  - 0:00
Last Minute Defensive  - 0:00
Total
Forward - 65:00
Defense - 65:00

% Time on Ice - Penguins

Lines # - Real PCT - Wanted PCT - Time Play
Normal Forward
1 - 35% - 33% - 14:26
2 - 33% - 33% - 13:43
3 - 25% - 24% - 10:29
4 - 7% - 10% - 2:48
Normal Defense
1 - 34% - 38% - 13:59
2 - 34% - 38% - 14:00
3 - 22% - 20% - 9:06
4 - 10% - 4% - 4:21
PP Forward
1 - 45% - 55% - 2:31
2 - 55% - 45% - 3:01
PP Defense
1 - 60% - 75% - 3:20
2 - 40% - 25% - 2:12
PK Forward
1 - 75% - 60% - 7:09
2 - 25% - 40% - 2:25
PK Defense
1 - 65% - 70% - 6:13
2 - 35% - 30% - 3:21
PK3 Forward
1 - 66% - 55% - 1:23
2 - 34% - 45% - 0:43
PK3 Defense
1 - 50% - 55% - 1:03
2 - 50% - 45% - 1:03
44 Forward
1 - 63% - 55% - 4:00
2 - 37% - 45% - 2:22
44 Defense
1 - 42% - 55% - 2:40
2 - 58% - 45% - 3:42
Last Minute Offensive  - 0:00
Last Minute Defensive  - 0:00
Total
Forward - 65:00
Defense - 65:00

Play by Play

1st period


0:01 of 1st period - Brandon Dubinsky wins face-off versus John Tavares in neutral zone.
0:04 of 1st period - Ryan Suter is hit by Brandon Dubinsky and loses puck.
0:39 of 1st period - Shot by Jarome Iginla.
0:39 of 1st period - Stopped by Marc-Andre Fleury without a rebound.
0:40 of 1st period - Ryan Getzlaf wins face-off versus Colin Wilson in Penguins zone.
0:40 of 1st period - Ryan Getzlaf is hit by Luke Schenn.
0:48 of 1st period - Andy Greene is hit by Ryan Getzlaf and loses puck.
1:01 of 1st period - Shot by Ryan Getzlaf.
1:01 of 1st period - Shot Misses the Net.
1:18 of 1st period - Alexander Steen is hit by Luke Schenn and loses puck.
2:01 of 1st period - Shot by Alex Chiasson.
2:01 of 1st period - Deflect By Zack Kassian.
2:01 of 1st period - Shot Misses the Net.
2:18 of 1st period - Minor Penalty to Dalton Prout for Holding.
2:19 of 1st period - John Tavares wins face-off versus Marcel Goc in Stars zone.
2:26 of 1st period - Shot by Andrew Ladd.
2:26 of 1st period - Shot Misses the Net.
3:06 of 1st period - Shot by Ryan Suter.
3:06 of 1st period - Stopped by Ilya Bryzgalov without a rebound.
3:07 of 1st period - Marcel Goc wins face-off versus David Perron in Stars zone.
3:07 of 1st period - Marcel Goc is hit by Ryan Getzlaf.
3:35 of 1st period - Icing by Stephane Robidas.
3:36 of 1st period - Paul Stastny wins face-off versus Ryan Getzlaf in Penguins zone.
3:52 of 1st period - Shot by Victor Hedman.
3:52 of 1st period - Goal by Victor Hedman - Stars : 0 - Penguins : 1.
3:53 of 1st period - Brandon Dubinsky wins face-off versus John Tavares in neutral zone.
4:09 of 1st period - Shot by Andrew Ladd.
4:09 of 1st period - Shot Blocked by Zach Bogosian.
4:11 of 1st period - Shot by Gabriel Landeskog.
4:11 of 1st period - Shot Misses the Net.
4:13 of 1st period - Shot by Andrew Ladd.
4:13 of 1st period - Stopped by Ilya Bryzgalov without a rebound.
4:14 of 1st period - Stephen Weiss wins face-off versus Derick Brassard in Stars zone.
4:41 of 1st period - Shot by Ruslan Fedotenko.
4:41 of 1st period - Shot Blocked by Jay Bouwmeester.
4:43 of 1st period - Shot by Barret Jackman.
4:43 of 1st period - Stopped by Ilya Bryzgalov with a rebound.
4:45 of 1st period - Shot by Ruslan Fedotenko.
4:45 of 1st period - Shot Blocked by Roman Josi.
4:47 of 1st period - Shot by David Moss.
4:47 of 1st period - Deflect By Ruslan Fedotenko.
4:47 of 1st period - Shot Misses the Net.
4:49 of 1st period - Shot by David Moss.
4:49 of 1st period - Shot Misses the Net.
4:51 of 1st period - Shot by Stephen Weiss.
4:51 of 1st period - Deflect By Ruslan Fedotenko.
4:51 of 1st period - Stopped by Ilya Bryzgalov without a rebound.
4:52 of 1st period - John Tavares wins face-off versus Marcel Goc in Stars zone.
4:52 of 1st period - John Tavares is hit by Luke Schenn.
5:05 of 1st period - Minor Penalty to Kris Letang for Tripping.
5:06 of 1st period - Stephen Weiss wins face-off versus Brandon Dubinsky in Penguins zone.
5:18 of 1st period - Off-side.
5:19 of 1st period - Paul Stastny wins face-off versus David Moss in neutral zone.
5:24 of 1st period - Shot by Ryan Johansen.
5:24 of 1st period - Deflect By Paul Stastny.
5:24 of 1st period - Shot Misses the Net.
5:56 of 1st period - Shot by Alex Chiasson.
5:56 of 1st period - Goal by Alex Chiasson - Stars : 1 - Penguins : 1.
5:57 of 1st period - Marcel Goc wins face-off versus Ryan Getzlaf in neutral zone.
5:59 of 1st period - Roman Josi is hit by Ryan Getzlaf and loses puck.
6:11 of 1st period - Minor Penalty to Kris Letang for Tripping.
6:12 of 1st period - Brandon Dubinsky wins face-off versus Ryan Getzlaf in Penguins zone.
6:13 of 1st period - Shot by Jarome Iginla.
6:13 of 1st period - Stopped by Marc-Andre Fleury without a rebound.
6:14 of 1st period - Ryan Getzlaf wins face-off versus Brandon Dubinsky in Penguins zone.
6:27 of 1st period - Shot by Jay Bouwmeester.
6:27 of 1st period - Shot Misses the Net.
6:29 of 1st period - Shot by Jarome Iginla.
6:29 of 1st period - Stopped by Marc-Andre Fleury with a rebound.
6:31 of 1st period - Shot by Alex Galchenyuk.
6:31 of 1st period - Shot Misses the Net.
6:51 of 1st period - Shot by Roman Josi.
6:51 of 1st period - Shot Misses the Net.
6:53 of 1st period - Shot by Roman Josi.
6:53 of 1st period - Stopped by Marc-Andre Fleury without a rebound.
6:54 of 1st period - Paul Stastny wins face-off versus Ryan Getzlaf in Penguins zone.
7:22 of 1st period - Shot by Paul Stastny.
7:22 of 1st period - Shot Misses the Net.
7:26 of 1st period - Shot by Zach Bogosian.
7:26 of 1st period - Stopped by Marc-Andre Fleury without a rebound.
7:27 of 1st period - Brandon Dubinsky wins face-off versus David Moss in Penguins zone.
7:46 of 1st period - Shot by Roman Josi.
7:46 of 1st period - Shot Misses the Net.
8:02 of 1st period - Shot by Alex Galchenyuk.
8:02 of 1st period - Shot Blocked by Barret Jackman.
8:17 of 1st period - Andrew Ladd is hit by Luke Schenn and loses puck.
8:23 of 1st period - Luke Schenn is hit by Victor Hedman and loses puck.
8:33 of 1st period - Minor Penalty to Stephane Robidas for Tripping.
8:34 of 1st period - Paul Stastny wins face-off versus Ryan Getzlaf in Penguins zone.
8:35 of 1st period - Shot by Andy Greene.
8:35 of 1st period - Stopped by Marc-Andre Fleury without a rebound.
8:36 of 1st period - Ryan Getzlaf wins face-off versus Paul Stastny in Penguins zone.
8:36 of 1st period - Ryan Getzlaf is hit by Ryan Johansen.
8:49 of 1st period - Zach Bogosian is hit by Kris Letang and loses puck.
8:52 of 1st period - Shot by Andy Greene.
8:52 of 1st period - Shot Blocked by Kris Letang.
8:54 of 1st period - Shot by Zach Bogosian.
8:54 of 1st period - Stopped by Marc-Andre Fleury without a rebound.
8:55 of 1st period - Brandon Dubinsky wins face-off versus Stephen Weiss in Penguins zone.
9:10 of 1st period - Shot by Jay Bouwmeester.
9:10 of 1st period - Stopped by Marc-Andre Fleury with a rebound.
9:18 of 1st period - Shot by Roman Josi.
9:18 of 1st period - Stopped by Marc-Andre Fleury with a rebound.
9:20 of 1st period - Shot by Brandon Dubinsky.
9:20 of 1st period - Stopped by Marc-Andre Fleury without a rebound.
9:21 of 1st period - Ryan Johansen wins face-off versus Brandon Saad in Penguins zone.
12:10 of 1st period - Shot by Alexander Steen.
12:10 of 1st period - Shot Blocked by Zach Bogosian.
12:12 of 1st period - Shot by Alexander Steen.
12:12 of 1st period - Deflect By Ryan Getzlaf.
12:12 of 1st period - Stopped by Ilya Bryzgalov without a rebound.
12:13 of 1st period - Paul Stastny wins face-off versus Brandon Saad in Stars zone.
12:48 of 1st period - Shot by Brandon Saad.
12:48 of 1st period - Shot Misses the Net.
13:28 of 1st period - Shot by Ryan Getzlaf.
13:28 of 1st period - Deflect By Alexander Steen.
13:28 of 1st period - Shot Misses the Net.
13:30 of 1st period - Shot by Kris Letang.
13:30 of 1st period - Shot Misses the Net.
13:32 of 1st period - Shot by Ryan Suter.
13:32 of 1st period - Stopped by Ilya Bryzgalov with a rebound.
13:34 of 1st period - Shot by Ryan Getzlaf.
13:34 of 1st period - Shot Misses the Net.
13:36 of 1st period - Shot by Kris Letang.
13:36 of 1st period - Shot Misses the Net.
13:38 of 1st period - Shot by Alexander Steen.
13:38 of 1st period - Goal by Alexander Steen - Stars : 1 - Penguins : 2.
13:39 of 1st period - Andrew Ladd wins face-off versus Brandon Dubinsky in neutral zone.
13:57 of 1st period - Shot by Andrew Ladd.
13:57 of 1st period - Stopped by Ilya Bryzgalov without a rebound.
13:58 of 1st period - Marcel Goc wins face-off versus Stephen Weiss in Stars zone.
15:16 of 1st period - Shot by Paul Stastny.
15:16 of 1st period - Stopped by Marc-Andre Fleury with a rebound.
15:18 of 1st period - Shot by Jay Bouwmeester.
15:18 of 1st period - Stopped by Marc-Andre Fleury without a rebound.
15:19 of 1st period - Andrew Ladd wins face-off versus Brandon Dubinsky in Penguins zone.
15:23 of 1st period - Barret Jackman is hit by Brandon Dubinsky and loses puck.
15:36 of 1st period - Shot by Jarome Iginla.
15:36 of 1st period - Stopped by Marc-Andre Fleury without a rebound.
15:37 of 1st period - Stephen Weiss wins face-off versus Paul Stastny in Penguins zone.
15:51 of 1st period - Kris Letang is hit by Jay Bouwmeester and loses puck.
16:15 of 1st period - Shot by Ryan Johansen.
16:15 of 1st period - Stopped by Marc-Andre Fleury with a rebound.
16:17 of 1st period - Shot by Ryan Johansen.
16:17 of 1st period - Stopped by Marc-Andre Fleury without a rebound.
16:18 of 1st period - Ryan Getzlaf wins face-off versus Brandon Dubinsky in Penguins zone.
16:18 of 1st period - Ryan Getzlaf is hit by Brandon Dubinsky.
17:04 of 1st period - Off-side.
17:05 of 1st period - Derick Brassard wins face-off versus John Tavares in neutral zone.
17:12 of 1st period - Icing by Andrew Ladd.
17:13 of 1st period - Derick Brassard wins face-off versus John Tavares in Penguins zone.
17:28 of 1st period - Derick Brassard is hit by Andrew Ladd and loses puck.
17:53 of 1st period - Shot by Andrew Ladd.
17:53 of 1st period - Stopped by Ilya Bryzgalov without a rebound.
17:54 of 1st period - Paul Stastny wins face-off versus Stephen Weiss in Stars zone.
18:19 of 1st period - Icing by Dalton Prout.
18:20 of 1st period - Alexander Steen wins face-off versus Paul Stastny in Stars zone.
18:51 of 1st period - Shot by Alexander Steen.
18:51 of 1st period - Stopped by Ilya Bryzgalov without a rebound.
18:52 of 1st period - Brandon Dubinsky wins face-off versus John Tavares in Stars zone.
19:05 of 1st period - Shot by Jarome Iginla.
19:05 of 1st period - Shot Misses the Net.
19:21 of 1st period - Shot by Andrew Ladd.
19:21 of 1st period - Deflect By John Tavares.
19:21 of 1st period - Stopped by Ilya Bryzgalov with a rebound.
19:47 of 1st period - Icing by Alex Galchenyuk.
19:48 of 1st period - Brandon Dubinsky wins face-off versus Stephen Weiss in Stars zone.
Goals for this period are 1 for Stars vs 2 for Penguins.
Shots for this period are 16 for Stars vs 12 for Penguins.

2nd period


0:01 of 2nd period - Ryan Getzlaf wins face-off versus Derick Brassard in neutral zone.
0:18 of 2nd period - Alexander Steen is hit by Zack Kassian and loses puck.
0:25 of 2nd period - Shot by Ryan Getzlaf.
0:25 of 2nd period - Goal by Ryan Getzlaf - Stars : 1 - Penguins : 3.
0:26 of 2nd period - Stephen Weiss wins face-off versus Paul Stastny in neutral zone.
0:48 of 2nd period - Ryan Suter is hit by Zach Bogosian and loses puck.
1:36 of 2nd period - Shot by Ryan Getzlaf.
1:36 of 2nd period - Deflect By Alexander Steen.
1:36 of 2nd period - Shot Misses the Net.
1:57 of 2nd period - Andy Greene is hit by Stephane Robidas and loses puck.
2:09 of 2nd period - Minor Penalty to Stephane Robidas for Hooking.
2:09 of 2nd period - Minor Penalty to Brandon Dubinsky for Roughing.
2:10 of 2nd period - Ryan Johansen wins face-off versus John Tavares in Penguins zone.
2:31 of 2nd period - Jay Bouwmeester is hit by Andrew Ladd and loses puck.
3:32 of 2nd period - Off-side.
3:33 of 2nd period - Alex Chiasson wins face-off versus John Tavares in neutral zone.
4:13 of 2nd period - Shot by Luke Schenn.
4:13 of 2nd period - Shot Misses the Net.
4:36 of 2nd period - Shot by Stephen Weiss.
4:36 of 2nd period - Shot Misses the Net.
4:38 of 2nd period - Shot by Ryan Suter.
4:38 of 2nd period - Shot Misses the Net.
5:08 of 2nd period - Shot by Ryan Getzlaf.
5:08 of 2nd period - Shot Blocked by Dalton Prout.
5:10 of 2nd period - Shot by Alexander Steen.
5:10 of 2nd period - Stopped by Ilya Bryzgalov without a rebound.
5:11 of 2nd period - Marcel Goc wins face-off versus John Tavares in Stars zone.
5:16 of 2nd period - Matt Hunwick is hit by Matt Martin and loses puck.
6:23 of 2nd period - Andy Greene is hit by Stephane Robidas and loses puck.
6:34 of 2nd period - Victor Hedman is hit by Ryan Johansen and loses puck.
6:45 of 2nd period - Shot by Paul Stastny.
6:45 of 2nd period - Shot Blocked by Stephane Robidas.
6:47 of 2nd period - Shot by Colin Wilson.
6:47 of 2nd period - Stopped by Marc-Andre Fleury without a rebound.
6:48 of 2nd period - Derick Brassard wins face-off versus Stephen Weiss in Penguins zone.
7:25 of 2nd period - Off-side.
7:26 of 2nd period - John Tavares wins face-off versus Marcel Goc in neutral zone.
7:46 of 2nd period - John Tavares is hit by Matt Martin and loses puck.
8:12 of 2nd period - John Tavares is hit by Jay Bouwmeester and loses puck.
8:44 of 2nd period - Shot by Jarome Iginla.
8:44 of 2nd period - Shot Blocked by Barret Jackman.
9:06 of 2nd period - Shot by Jarome Iginla.
9:06 of 2nd period - Stopped by Marc-Andre Fleury without a rebound.
9:07 of 2nd period - Ryan Getzlaf wins face-off versus Paul Stastny in Penguins zone.
9:07 of 2nd period - Ryan Getzlaf is hit by Colin Wilson.
9:21 of 2nd period - Shot by Ryan Getzlaf.
9:21 of 2nd period - Shot Misses the Net.
9:29 of 2nd period - Victor Hedman is hit by Paul Stastny and loses puck.
10:36 of 2nd period - Icing by Roman Josi.
10:37 of 2nd period - Stephen Weiss wins face-off versus Derick Brassard in Stars zone.
10:54 of 2nd period - Jay Bouwmeester is hit by Kris Letang and loses puck.
12:37 of 2nd period - Shot by Marcel Goc.
12:37 of 2nd period - Stopped by Marc-Andre Fleury without a rebound.
12:38 of 2nd period - Ryan Getzlaf wins face-off versus Paul Stastny in Penguins zone.
12:38 of 2nd period - Ryan Getzlaf is hit by Paul Stastny.
12:48 of 2nd period - Shot by Ryan Getzlaf.
12:48 of 2nd period - Stopped by Ilya Bryzgalov without a rebound.
12:49 of 2nd period - Paul Stastny wins face-off versus Ruslan Fedotenko in Stars zone.
12:53 of 2nd period - Off-side.
12:54 of 2nd period - Paul Stastny wins face-off versus Ryan Getzlaf in neutral zone.
13:05 of 2nd period - Off-side.
13:06 of 2nd period - Stephen Weiss wins face-off versus Brandon Dubinsky in neutral zone.
13:12 of 2nd period - Minor Penalty to Jay Bouwmeester for Hooking.
13:13 of 2nd period - Marcel Goc wins face-off versus John Tavares in Stars zone.
13:13 of 2nd period - Marcel Goc is hit by Gabriel Landeskog.
13:25 of 2nd period - Shot by Ryan Suter.
13:25 of 2nd period - Shot Misses the Net.
13:27 of 2nd period - Shot by Kris Letang.
13:27 of 2nd period - Stopped by Ilya Bryzgalov with a rebound.
13:29 of 2nd period - Shot by Kris Letang.
13:29 of 2nd period - Stopped by Ilya Bryzgalov without a rebound.
13:30 of 2nd period - Ryan Getzlaf wins face-off versus Marcel Goc in Stars zone.
13:47 of 2nd period - Shot by Ryan Getzlaf.
13:47 of 2nd period - Stopped by Ilya Bryzgalov without a rebound.
13:48 of 2nd period - Marcel Goc wins face-off versus John Tavares in Stars zone.
14:40 of 2nd period - Icing by Andrew Ladd.
14:41 of 2nd period - John Tavares wins face-off versus Marcel Goc in Penguins zone.
15:25 of 2nd period - Icing by Roman Josi.
15:26 of 2nd period - Stephen Weiss wins face-off versus Brandon Dubinsky in Stars zone.
15:39 of 2nd period - Shot by David Moss.
15:39 of 2nd period - Shot Hit the Post.
16:00 of 2nd period - Minor Penalty to Kris Letang for High sticking.
16:01 of 2nd period - Paul Stastny wins face-off versus Stephen Weiss in Penguins zone.
16:16 of 2nd period - Shot by Zach Bogosian.
16:16 of 2nd period - Stopped by Marc-Andre Fleury with a rebound.
17:20 of 2nd period - Shot by Jay Bouwmeester.
17:20 of 2nd period - Shot Misses the Net.
17:40 of 2nd period - Shot by Andy Greene.
17:40 of 2nd period - Shot Misses the Net.
17:42 of 2nd period - Shot by Ryan Johansen.
17:42 of 2nd period - Stopped by Marc-Andre Fleury without a rebound.
17:43 of 2nd period - Paul Stastny wins face-off versus Ryan Getzlaf in Penguins zone.
17:44 of 2nd period - Shot by Roman Josi.
17:44 of 2nd period - Shot Misses the Net.
18:42 of 2nd period - Icing by Dalton Prout.
18:43 of 2nd period - Ryan Getzlaf wins face-off versus Marcel Goc in Stars zone.
18:51 of 2nd period - Zach Bogosian is hit by Ryan Getzlaf and loses puck.
19:20 of 2nd period - Shot by Jarome Iginla.
19:20 of 2nd period - Shot Misses the Net.
19:22 of 2nd period - Shot by Brandon Dubinsky.
19:22 of 2nd period - Goal by Brandon Dubinsky - Stars : 2 - Penguins : 3.
19:23 of 2nd period - Paul Stastny wins face-off versus John Tavares in neutral zone.
19:59 of 2nd period - Minor Penalty to Andrew Ladd for Hooking.
Goals for this period are 1 for Stars vs 1 for Penguins.
Shots for this period are 6 for Stars vs 6 for Penguins.

3rd period


0:01 of 3rd period - Stephen Weiss wins face-off versus Brandon Dubinsky in neutral zone.
0:16 of 3rd period - Shot by Andy Greene.
0:16 of 3rd period - Stopped by Marc-Andre Fleury with a rebound.
0:18 of 3rd period - Shot by Andy Greene.
0:18 of 3rd period - Shot Misses the Net.
0:20 of 3rd period - Shot by Brandon Dubinsky.
0:20 of 3rd period - Deflect By Jarome Iginla.
0:20 of 3rd period - Shot Misses the Net.
0:22 of 3rd period - Shot by Andy Greene.
0:22 of 3rd period - Shot Misses the Net.
0:24 of 3rd period - Shot by Brandon Dubinsky.
0:24 of 3rd period - Shot Hit the Post.
0:26 of 3rd period - Shot by Andy Greene.
0:26 of 3rd period - Shot Misses the Net.
0:29 of 3rd period - Minor Penalty to Victor Hedman for Hooking.
0:30 of 3rd period - David Moss wins face-off versus Paul Stastny in Penguins zone.
0:42 of 3rd period - Off-side.
0:43 of 3rd period - Alex Galchenyuk wins face-off versus David Moss in neutral zone.
1:23 of 3rd period - Shot by Andy Greene.
1:23 of 3rd period - Shot Blocked by Stephane Robidas.
1:33 of 3rd period - Shot by Ryan Johansen.
1:33 of 3rd period - Stopped by Marc-Andre Fleury without a rebound.
1:34 of 3rd period - David Moss wins face-off versus Ryan Johansen in Penguins zone.
1:34 of 3rd period - David Moss is hit by Alex Chiasson.
3:47 of 3rd period - Shot by John Tavares.
3:47 of 3rd period - Shot Misses the Net.
3:49 of 3rd period - Shot by Gabriel Landeskog.
3:49 of 3rd period - Stopped by Ilya Bryzgalov without a rebound.
3:50 of 3rd period - Colin Wilson wins face-off versus Stephen Weiss in Stars zone.
4:24 of 3rd period - Minor Penalty to Stephane Robidas for High sticking.
4:25 of 3rd period - Stephen Weiss wins face-off versus Brandon Dubinsky in Penguins zone.
4:46 of 3rd period - Shot by Andy Greene.
4:46 of 3rd period - Deflect By Brandon Dubinsky.
4:46 of 3rd period - Stopped by Marc-Andre Fleury without a rebound.
4:47 of 3rd period - Paul Stastny wins face-off versus Ryan Getzlaf in Penguins zone.
4:48 of 3rd period - Shot by Jay Bouwmeester.
4:48 of 3rd period - Goal by Jay Bouwmeester - Stars : 3 - Penguins : 3.
4:49 of 3rd period - Derick Brassard wins face-off versus John Tavares in neutral zone.
4:55 of 3rd period - Icing by Kris Letang.
4:56 of 3rd period - Andrew Ladd wins face-off versus Derick Brassard in Penguins zone.
4:56 of 3rd period - Andrew Ladd is hit by Zack Kassian.
5:39 of 3rd period - Shot by John Tavares.
5:39 of 3rd period - Shot Misses the Net.
6:00 of 3rd period - Alexander Steen is hit by Luke Schenn and loses puck.
6:14 of 3rd period - Icing by Luke Schenn.
6:15 of 3rd period - Stephen Weiss wins face-off versus Alex Chiasson in Stars zone.
6:15 of 3rd period - Barret Jackman is hit by Luke Schenn.
6:28 of 3rd period - Icing by Barret Jackman.
6:29 of 3rd period - Paul Stastny wins face-off versus Stephen Weiss in Penguins zone.
7:00 of 3rd period - Shot by Brendan Gallagher.
7:00 of 3rd period - Goal by Brendan Gallagher - Stars : 3 - Penguins : 4.
7:01 of 3rd period - Brandon Dubinsky wins face-off versus Ryan Getzlaf in neutral zone.
7:24 of 3rd period - Icing by Roman Josi.
7:25 of 3rd period - John Tavares wins face-off versus Brandon Dubinsky in Stars zone.
7:25 of 3rd period - John Tavares is hit by Jay Bouwmeester.
7:48 of 3rd period - Shot by Brandon Dubinsky.
7:48 of 3rd period - Goal by Brandon Dubinsky - Stars : 4 - Penguins : 4.
7:49 of 3rd period - Paul Stastny wins face-off versus Ryan Getzlaf in neutral zone.
7:52 of 3rd period - Stephane Robidas is hit by Paul Stastny and loses puck.
8:27 of 3rd period - Shot by Colin Wilson.
8:27 of 3rd period - Stopped by Marc-Andre Fleury with a rebound.
9:05 of 3rd period - Andy Greene is hit by Gabriel Landeskog and loses puck.
9:56 of 3rd period - Icing by Jay Bouwmeester.
9:57 of 3rd period - Brandon Dubinsky wins face-off versus Stephen Weiss in Stars zone.
9:57 of 3rd period - Brandon Dubinsky is hit by David Moss.
9:58 of 3rd period - Brandon Dubinsky from Stars is injured at 9:58 of 3rd period (Lower Body).
9:59 of 3rd period - Alexander Steen wins face-off versus Paul Stastny in Stars zone.
11:02 of 3rd period - Icing by Barret Jackman.
11:03 of 3rd period - Brandon Saad wins face-off versus Alex Chiasson in Penguins zone.
11:12 of 3rd period - Shot by Stephen Weiss.
11:12 of 3rd period - Stopped by Ilya Bryzgalov with a rebound.
11:54 of 3rd period - Icing by Stephen Weiss.
11:55 of 3rd period - Stephen Weiss wins face-off versus Marcel Goc in Penguins zone.
12:05 of 3rd period - Brandon Saad is hit by Justin Abdelkader and loses puck.
12:35 of 3rd period - Minor Penalty to Jay Bouwmeester for Interference.
12:36 of 3rd period - Marcel Goc wins face-off versus Ryan Getzlaf in Stars zone.
12:36 of 3rd period - Marcel Goc is hit by Ryan Getzlaf.
12:57 of 3rd period - Icing by Alexander Steen.
12:58 of 3rd period - Marcel Goc wins face-off versus Ryan Getzlaf in Penguins zone.
13:19 of 3rd period - Shot by Alexander Steen.
13:19 of 3rd period - Stopped by Ilya Bryzgalov without a rebound.
13:20 of 3rd period - John Tavares wins face-off versus Marcel Goc in Stars zone.
13:21 of 3rd period - Shot by Victor Hedman.
13:21 of 3rd period - Shot Misses the Net.
13:23 of 3rd period - Shot by Gabriel Landeskog.
13:23 of 3rd period - Shot Misses the Net.
13:28 of 3rd period - Andrew Ladd is hit by Dalton Prout and loses puck.
13:33 of 3rd period - Shot by Stephane Robidas.
13:33 of 3rd period - Stopped by Ilya Bryzgalov with a rebound.
13:35 of 3rd period - Shot by John Tavares.
13:35 of 3rd period - Stopped by Ilya Bryzgalov with a rebound.
13:37 of 3rd period - Shot by Victor Hedman.
13:37 of 3rd period - Stopped by Ilya Bryzgalov without a rebound.
13:38 of 3rd period - Ryan Johansen wins face-off versus Ryan Getzlaf in Stars zone.
13:38 of 3rd period - Ryan Johansen is hit by Ryan Getzlaf.
14:07 of 3rd period - Icing by Ryan Suter.
14:08 of 3rd period - Marcel Goc wins face-off versus Alexander Steen in Penguins zone.
14:27 of 3rd period - Shot by Ryan Suter.
14:27 of 3rd period - Stopped by Ilya Bryzgalov without a rebound.
14:28 of 3rd period - John Tavares wins face-off versus Paul Stastny in Stars zone.
15:08 of 3rd period - Alex Chiasson is hit by Barret Jackman and loses puck.
17:18 of 3rd period - Icing by Luke Schenn.
17:19 of 3rd period - Paul Stastny wins face-off versus David Moss in Stars zone.
17:24 of 3rd period - Ruslan Fedotenko is hit by Paul Stastny and loses puck.
17:41 of 3rd period - Shot by David Moss.
17:41 of 3rd period - Shot Misses the Net.
17:43 of 3rd period - Shot by Stephen Weiss.
17:43 of 3rd period - Stopped by Ilya Bryzgalov with a rebound.
17:47 of 3rd period - Shot by Ruslan Fedotenko.
17:47 of 3rd period - Shot Misses the Net.
17:49 of 3rd period - Shot by Ruslan Fedotenko.
17:49 of 3rd period - Shot Blocked by Paul Stastny.
17:49 of 3rd period - Paul Stastny from Stars is injured at 17:49 of 3rd period (Right Hip).
17:50 of 3rd period - John Tavares wins face-off versus Derick Brassard in Stars zone.
17:53 of 3rd period - Shot by Andrew Ladd.
17:53 of 3rd period - Stopped by Ilya Bryzgalov without a rebound.
17:54 of 3rd period - Derick Brassard wins face-off versus John Tavares in Stars zone.
17:59 of 3rd period - John Tavares is hit by Zack Kassian and loses puck.
18:26 of 3rd period - Shot by John Tavares.
18:26 of 3rd period - Shot Misses the Net.
18:28 of 3rd period - Shot by Stephane Robidas.
18:28 of 3rd period - Shot Misses the Net.
18:30 of 3rd period - Shot by Gabriel Landeskog.
18:30 of 3rd period - Shot Blocked by Dalton Prout.
18:32 of 3rd period - Shot by Andrew Ladd.
18:32 of 3rd period - Stopped by Ilya Bryzgalov without a rebound.
18:33 of 3rd period - Ryan Getzlaf wins face-off versus Justin Abdelkader in Stars zone.
18:37 of 3rd period - Minor Penalty to Ryan Getzlaf for Hooking.
18:38 of 3rd period - Justin Abdelkader wins face-off versus Stephen Weiss in Penguins zone.
18:38 of 3rd period - Alex Galchenyuk is hit by Barret Jackman and loses puck.
18:49 of 3rd period - Shot by Jay Bouwmeester.
18:49 of 3rd period - Stopped by Marc-Andre Fleury without a rebound.
18:50 of 3rd period - Justin Abdelkader wins face-off versus Stephen Weiss in Penguins zone.
18:53 of 3rd period - Shot by Jarome Iginla.
18:53 of 3rd period - Shot Blocked by Victor Hedman.
18:55 of 3rd period - Shot by Jay Bouwmeester.
18:55 of 3rd period - Stopped by Marc-Andre Fleury without a rebound.
18:56 of 3rd period - Justin Abdelkader wins face-off versus Stephen Weiss in Penguins zone.
19:11 of 3rd period - Shot by Roman Josi.
19:11 of 3rd period - Shot Blocked by Stephane Robidas.
19:37 of 3rd period - Shot by Alex Galchenyuk.
19:37 of 3rd period - Stopped by Marc-Andre Fleury with a rebound.
Goals for this period are 2 for Stars vs 1 for Penguins.
Shots for this period are 9 for Stars vs 11 for Penguins.

Overtime #1


0:01 of 1st overtime period - David Moss wins face-off versus Alex Chiasson in neutral zone.
0:48 of 1st overtime period - Shot by Andrew Ladd.
0:48 of 1st overtime period - Stopped by Ilya Bryzgalov without a rebound.
0:49 of 1st overtime period - Ryan Johansen wins face-off versus John Tavares in Stars zone.
0:49 of 1st overtime period - Ryan Johansen is hit by Andrew Ladd.
0:52 of 1st overtime period - Luke Schenn is hit by Andrew Ladd and loses puck.
1:00 of 1st overtime period - Ryan Johansen is hit by Stephane Robidas and loses puck.
1:21 of 1st overtime period - Icing by Andrew Ladd.
1:22 of 1st overtime period - John Tavares wins face-off versus Alex Chiasson in Penguins zone.
1:41 of 1st overtime period - Shot by John Tavares.
1:41 of 1st overtime period - Stopped by Ilya Bryzgalov with a rebound.
1:55 of 1st overtime period - Shot by Justin Abdelkader.
1:55 of 1st overtime period - Shot Blocked by Kris Letang.
2:55 of 1st overtime period - Shot by John Tavares.
2:55 of 1st overtime period - Shot Misses the Net.
2:57 of 1st overtime period - Shot by Victor Hedman.
2:57 of 1st overtime period - Shot Misses the Net.
3:05 of 1st overtime period - Shot by John Tavares.
3:05 of 1st overtime period - Stopped by Ilya Bryzgalov without a rebound.
3:06 of 1st overtime period - Justin Abdelkader wins face-off versus John Tavares in Stars zone.
4:11 of 1st overtime period - Icing by Victor Hedman.
4:12 of 1st overtime period - Ryan Getzlaf wins face-off versus Alex Chiasson in Penguins zone.
4:19 of 1st overtime period - Shot by Ryan Getzlaf.
4:19 of 1st overtime period - Shot Misses the Net.
Goals for this period are 0 for Stars vs 0 for Penguins.
Shots for this period are 0 for Stars vs 3 for Penguins.

ShootOut


5:00 of 1st overtime period - Penalty Shot by Ryan Johansen for Stars.
5:00 of 1st overtime period - Stopped by Marc-Andre Fleury.
5:00 of 1st overtime period - Penalty Shot by Ryan Getzlaf for Penguins.
5:00 of 1st overtime period - Stopped by Ilya Bryzgalov.
5:00 of 1st overtime period - Penalty Shot by Zach Bogosian for Stars.
5:00 of 1st overtime period - Stopped by Marc-Andre Fleury.
5:00 of 1st overtime period - Penalty Shot by Andrew Ladd for Penguins.
5:00 of 1st overtime period - Shot Misses the Net.
5:00 of 1st overtime period - Penalty Shot by Alex Galchenyuk for Stars.
5:00 of 1st overtime period - Stopped by Marc-Andre Fleury.
5:00 of 1st overtime period - Penalty Shot by John Tavares for Penguins.
5:00 of 1st overtime period - Shot Misses the Net.
5:00 of 1st overtime period - Penalty Shot by Derick Brassard for Stars.
5:00 of 1st overtime period - Stopped by Marc-Andre Fleury.
5:00 of 1st overtime period - Penalty Shot by Kris Letang for Penguins.
5:00 of 1st overtime period - Stopped by Ilya Bryzgalov.
5:00 of 1st overtime period - Penalty Shot by Zack Kassian for Stars.
5:00 of 1st overtime period - Shot Misses the Net.
5:00 of 1st overtime period - Penalty Shot by Alexander Steen for Penguins.
5:00 of 1st overtime period - Goal by Alexander Steen.


Output by the SimonT Hockey Simulator (STHS) for Stephane Roy -- Original Page W3C XHTML 1.0 Valid
Hockey Simulator - Hockey Simulation - Hockey Manager